 Dungeon Crawl Stone Soup version 0.22.1-2-g9c5b331383 (webtiles) character file.

12040 Jerry the Impaler (level 11, -3/87 HPs)
             Began as a Merfolk Gladiator on Nov 24, 2018.
             Was a High Priest of Okawaru.
             Slain by a centaur warrior
             ... wielding a +2 great sword of flaming
              (4 damage)
             ... in a volcano.
             The game lasted 00:49:12 (11578 turns).

Jerry the Impaler (Merfolk Gladiator)              Turns: 11578, Time: 00:49:12

Health: -3/87      AC: 12    Str: 18    XL:     11   Next: 87%
Magic:  15/15      EV: 18    Int:  8    God:    Okawaru [*****.]
Gold:   876        SH:  6    Dex: 20    Spells: 10/10 levels left

rFire    + + .     SeeInvis .   a - +1 trident
rCold    x . .     Gourm    .   o - +0 buckler
rNeg     . . .     Faith    .   Q - +1 ring mail {rPois}
rPois    +         Spirit   .   c - +0 helmet
rElec    .         Reflect  .   (no cloak)
rCorr    .         Harm     .   F - +1 pair of gloves
MR       .....                  O - +0 pair of boots
Stlth    ++........             (no amulet)
HPRegen  0.24/turn              k - ring of protection from fire
MPRegen  0.14/turn              y - ring of fire

@: agile
A: change form in water, swift swim, stealthy swim
a: Heroism, Finesse, Renounce Religion


You were in a volcano.
You worshipped Okawaru.
Okawaru was extremely pleased with you.
You were not hungry.

You visited 3 branches of the dungeon, and saw 13 of its levels.
You also visited: Sewer, Bailey and Volcano.

You collected 1086 gold pieces.
You spent 210 gold pieces at shops.

Inventory:

Hand Weapons
 a - a +1 trident (weapon)
 M - a +2 executioner's axe of electrocution
Missiles
 d - 5 throwing nets
 E - 41 tomahawks of returning (quivered)
Armour
 c - a +0 helmet (worn)
 o - a +0 buckler (worn)
 s - a +0 troll leather armour {Purgy}
 F - a +1 pair of gloves (worn)
 O - a +0 pair of boots (worn)
 Q - a +1 ring mail of poison resistance (worn)
Jewellery
 e - an uncursed ring of stealth
 i - a +3 ring of intelligence
 k - a ring of protection from fire (left hand)
 m - a +3 ring of protection
 y - a ring of fire (right hand)
 z - an uncursed ring of stealth
Wands
 H - a wand of flame (10)
 I - a wand of polymorph (28)
 K - a wand of scattershot (6)
 L - a wand of enslavement (19)
 P - a wand of iceblast (9)
 R - a wand of acid (6)
Scrolls
 g - 2 scrolls of amnesia
 h - 9 scrolls of teleportation
 n - a scroll of enchant armour
 q - a scroll of magic mapping
 u - a scroll of fog
 w - a scroll of remove curse
 A - 13 scrolls of identify
 N - a scroll of enchant weapon
Potions
 b - 2 potions of lignification
 j - a potion of agility
 l - a potion of haste
 p - 4 potions of ambrosia
 r - a potion of brilliance
 t - 7 potions of flight
 v - 2 potions of magic
 x - 3 potions of berserk rage
 B - a potion of mutation
 C - 2 potions of curing
 D - 2 potions of heal wounds
 J - 2 potions of might
Miscellaneous
 T - a phial of floods
 U - a lamp of fire (inert)
Comestibles
 f - 14 rations


   Skills:
 + Level 8.5 Fighting
 * Level 15.1 Polearms
 + Level 8.0 Throwing
 + Level 5.8 Armour
 - Level 4.0 Dodging
 - Level 4.1 Shields
 + Level 6.2 Invocations


You had 10 spell levels left.
You didn't know any spells.
Your spell library contained the following spells:

 Spells                   Type           Power        Failure   Level  Hunger
 Infusion                 Chrm           #...         58%         1    ##.....
 Shroud of Golubria       Chrm/Tloc      #.........   73%         2    ###....
 Song of Slaying          Chrm           #.......     73%         2    ###....
 Regeneration             Chrm/Necr      #.........   91%         3    ####...
 Spectral Weapon          Hex/Chrm       #.......     91%         3    ####...


Dungeon Overview and Level Annotations

Branches:
Dungeon (10/15)            Temple (1/1) D:7            Lair (2/6) D:8
  Swamp: Lair:2-4    Shoals: Lair:2-4     Snake: Lair:2-4    Spider: Lair:2-4
    Orc: D:9-12

Altars:
Ashenzari
Cheibriados
Dithmenos
Elyvilon
Fedhas
Gozag
Hepliaklqana
Kikubaaqudgha
Makhleb
Nemelex Xobeh
Okawaru
Qazlal
Ru
Sif Muna
Trog
Uskayaw
Vehumet
Wu Jian
Xom
Yredelemnul
Zin
The Shining One

Shops:
D:5 !   D:10 (

Annotations:
D:3 Natasha
D:6 3 runed doors, Sigmund; ilii's ghost, novice OpEE


Message History

You see here an arrow.
The centaur warrior shoots an arrow.
The arrow hits you!
The centaur warrior shoots an arrow.
The arrow hits you.
You see here an arrow.
The centaur warrior unwields an uncursed shortbow of flaming.
It stops flaming.
The centaur warrior wields a great sword of flaming.
It bursts into flame!
The centaur warrior drinks a potion.
The centaur warrior goes berserk!
The centaur warrior hits you with a great sword of flaming!
The centaur warrior burns you.
You closely miss the centaur warrior.
The centaur warrior is heavily wounded.
The centaur warrior hits you with a great sword of flaming!
* * * LOW HITPOINT WARNING * * *
You feel agile all of a sudden.
The centaur warrior hits you with a great sword of flaming!!
* * * LOW HITPOINT WARNING * * *
The centaur warrior burns you.
You die...

≈≈# #8.§.8# §
§≈≈§###.....###≈§
#≈§≈≈≈≈..(..≈≈≈≈≈
#≈≈§≈§≈8((.8≈≈≈≈#
#§≈≈≈≈.....≈≈###
###≈§§.....≈≈#
#≈§§8...8≈##
####...c.##
#...@.# #8...8#
#..(..# #..(..#
#8...8# #.....#
#.....# #8...8#
#.....#


You could see a centaur warrior (berserk).

Vanquished Creatures
  A hydra (Lair:1)
  Erica (D:9)
  A two-headed ogre (D:10)
  An orc knight (Bailey)
  Psyche (D:8)
  2 spiny frogs (Lair:1)
  A centaur skeleton (D:10)
  3 hippogriffs
  An air elemental (D:10)
  A water elemental (D:10)
  5 yaks (Lair:1)
  A fire elemental (D:9)
  2 steam dragons (D:10)
  A water moccasin (Lair:2)
  3 black bears
  2 porcupines (Lair:1)
  9 orc warriors
  Purgy (Sewer)
  2 ice beasts
  7 sky beasts
  A necrophage (D:7)
  6 centaurs
  9 ogres
  A phantom (D:7)
  2 big kobolds (D:9)
  3 crocodiles (Lair:1)
  3 bullfrogs
  An earth elemental (D:10)
  3 scorpions
  10 killer bees
  4 wights
  5 howler monkeys
  4 crimson imps
  A bullfrog zombie (D:10)
  2 hounds
  A jelly (D:5)
  A quasit (D:8)
  An orc priest (D:5)
  10 orc wizards
  A bullfrog skeleton (D:4)
  Natasha (twice) (D:3)
  4 iguanas
  7 worker ants
  2 hound skeletons
  4 gnolls
  9 adders
  A howler monkey skeleton (D:9)
  3 shadow imps
  3 oozes
  2 adder skeletons
  A worm (D:5)
  3 dart slugs
  5 leopard geckos
  40 orcs
  6 giant cockroaches
  5 goblins
  9 hobgoblins
  11 jackals
  A quokka (D:9)
  2 ball pythons
  7 bats
  10 frilled lizards
  A jackal zombie (D:5)
  27 kobolds
  A leopard gecko skeleton (D:5)
  A quokka skeleton (D:5)
  5 rats
  A spectral orc (D:3)
  3 plants (Lair:1)
291 creatures vanquished.

Vanquished Creatures (others)
  A centaur (Volcano)
1 creature vanquished.

Grand Total: 292 creatures vanquished

Notes
Turn   | Place    | Note
-------+----------+-------------------------------------------
     0 | D:1      | Jerry the Merfolk Gladiator began the quest for the Orb.
     0 | D:1      | Reached XP level 1. HP: 16/16 MP: 1/1
    27 | D:1      | Reached XP level 2. HP: 17/23 MP: 2/2
   361 | D:1      | Reached XP level 3. HP: 28/28 MP: 3/3
   364 | D:1      | Reached skill level 5 in Polearms
   383 | D:1      | Reached skill level 1 in Armour
  1385 | D:3      | Noticed a sky beast
  1418 | D:3      | Found a glowing drain.
  1423 | D:3      | Reached XP level 4. HP: 34/34 MP: 4/4
  1434 | Sewer    | Entered a sewer
  1499 | Sewer    | Noticed Purgy
  1564 | Sewer    | Killed Purgy
  1564 | Sewer    | Reached skill level 6 in Polearms
  1564 | Sewer    | Reached skill level 1 in Shields
  1564 | Sewer    | Reached XP level 5. HP: 31/41 MP: 5/5
  1765 | D:3      | Noticed Natasha
  1774 | D:3      | Killed Natasha
  1908 | D:3      | Reached XP level 6. HP: 42/47 MP: 6/6
  2092 | D:3      | Noticed Natasha
  2109 | D:3      | Killed Natasha
  2109 | D:3      | Reached skill level 7 in Polearms
  2222 | D:3      | Noticed Natasha
  2283 | D:2      | Killed a sky beast
  2283 | D:2      | Reached XP level 7. HP: 34/53 MP: 7/7
  2568 | D:3      | Found a basalt altar of Yredelemnul.
  2691 | D:4      | Found a burning altar of Makhleb.
  3182 | D:5      | Entered Level 5 of the Dungeon
  3182 | D:5      | Found an ornate altar of the Wu Jian Council.
  3199 | D:5      | Reached skill level 8 in Polearms
  3279 | D:5      | Got a smoking spear
  3283 | D:5      | Identified the cursed +3 spear "Soefraq" {pierce, *Contam
                  | +Inv MR++ Stlth+} (You found it on level 5 of the Dungeon)
  3334 | D:5      | Found Nocven's Distillery.
  3348 | D:5      | Reached XP level 8. HP: 46/61 MP: 8/8
  3355 | D:5      | Bought a potion of might for 60 gold pieces
  3355 | D:5      | Bought a potion of heal wounds for 75 gold pieces
  3355 | D:5      | Bought a potion of berserk rage for 75 gold pieces
  3492 | D:5      | Reached skill level 9 in Polearms
  3699 | D:5      | Found a blossoming altar of Fedhas.
  3930 | D:6      | Found a runed gate.
  3931 | D:6      | Found a runed gate.
  3931 | D:6      | Found a runed gate.
  3983 | D:6      | Noticed ilii's ghost (novice OpEE)
  4015 | D:6      | Noticed Sigmund
  4042 | D:6      | Reached skill level 5 in Fighting
  4368 | D:7      | Reached skill level 10 in Polearms
  4403 | D:6      | Reached XP level 9. HP: 23/68 MP: 9/9
  4486 | D:7      | Reached skill level 5 in Throwing
  4732 | D:7      | Found a staircase to the Ecumenical Temple.
  4743 | Temple   | Entered the Ecumenical Temple
  4812 | Temple   | Became a worshipper of Warmaster Okawaru
  4869 | D:7      | Reached skill level 11 in Polearms
  4919 | D:7      | Reached skill level 1 in Invocations
  5036 | D:7      | Reached * piety under Okawaru
  5478 | D:8      | Found a staircase to the Lair.
  6275 | D:9      | Reached skill level 12 in Polearms
  6275 | D:9      | Reached XP level 10. HP: 77/77 MP: 10/12
  6351 | D:9      | Found a flagged portal.
  6362 | D:9      | Noticed Psyche
  6403 | D:8      | Killed Psyche
  6432 | D:8      | Reached ** piety under Okawaru
  6499 | Bailey   | Entered a bailey
  6506 | Bailey   | Noticed an orc knight
  6879 | Bailey   | Killed an orc knight
  7417 | D:9      | Found a sparkling altar of Nemelex Xobeh.
  7430 | D:9      | Noticed Erica
  7584 | D:9      | Killed Erica
  7584 | D:9      | Reached *** piety under Okawaru
  7584 | D:9      | Reached skill level 13 in Polearms
  7735 | D:9      | Found an opulent altar of Gozag.
  7735 | D:9      | Found a glowing silver altar of Zin.
  7741 | D:9      | Reached skill level 5 in Armour
  7814 | D:10     | Entered Level 10 of the Dungeon
  8002 | D:10     | Reached XP level 11. HP: 84/84 MP: 14/14
  8137 | D:9      | Reached **** piety under Okawaru
  8137 | D:9      | Reached skill level 5 in Invocations
  8317 | D:10     | Reached skill level 14 in Polearms
  8465 | D:10     | Noticed a two-headed ogre
  8477 | D:10     | Killed a two-headed ogre
  8538 | D:10     | Found Wokhak's Antique Weapon Shop.
  8580 | D:10     | Found a large runed door.
  8581 | D:10     | Found a large runed door.
  9512 | Lair:1   | Entered Level 1 of the Lair of Beasts
  9555 | Lair:1   | Noticed a six-headed hydra
  9571 | Lair:1   | Killed a six-headed hydra
  9571 | Lair:1   | Reached ***** piety under Okawaru
 10085 | Lair:1   | Received a gift from Okawaru
 10231 | Lair:1   | Reached skill level 15 in Polearms
 11273 | Lair:2   | Found a dark tunnel.
 11282 | Volcano  | Entered a volcano
 11302 | Volcano  | Noticed a centaur warrior
 11578 | Volcano  | HP: 1/87 [centaur warrior/great sword of flaming (24)]
 11578 | Volcano  | Slain by a centaur warrior

Skill      XL: |  1  2  3  4  5  6  7  8  9 10 11 |
---------------+----------------------------------+-----
Polearms       | 5 6 7 8 10 12 13 15 | 15.1
Armour         | 1 2 3 4 5 |  5.8
Fighting       | 3 4 5 6 7 8 |  8.5
Shields        | 1 2 4 |  4.1
Throwing       | 3 4 5 7 8 |  8.0
Invocations    | 2 4 6 |  6.2
Dodging        | |  4.0

Action                   |  1- 3 |  4- 6 |  7- 9 | 10-12 || total
-------------------------+-------+-------+-------+-------++-------
Melee: Trident           |   116 |   212 |   515 |   830 ||  1673
       Tailslap          |       |     4 |       |       ||     4
Throw: Throwing net      |       |     3 |     3 |     1 ||     7
       Tomahawk          |       |       |       |    10 ||    10
Invok: Heroism           |       |       |       |     4 ||     4
Evoke: Wand              |       |       |       |     4 ||     4
       Lamp of fire      |       |       |       |     1 ||     1
  Use: Scroll            |       |       |    22 |     6 ||    28
       Potion            |       |       |       |     5 ||     5
 Stab: Sleeping          |     2 |     3 |    10 |     1 ||    16
       Distracted        |       |     1 |       |     2 ||     3
       Held in net/web   |       |       |     1 |     1 ||     2
  Eat: Chunk             |     2 |     2 |    14 |    11 ||    29
       Ration            |       |       |       |     2 ||     2
Armor: Leather armour    |    21 |    17 |       |       ||    38
       Troll leather arm |       |    38 |   118 |    86 ||   242
       Ring mail         |       |       |       |    61 ||    61
Dodge: Dodged            |    83 |   131 |   212 |   307 ||   733
Block: Buckler           |       |       |    25 |   103 ||   128
